 Dungeon Crawl Stone Soup version 0.27-a0-1078-g0d77da13b5 (webtiles) character file.

Game seed: 2194567073531260179

3 EnegeticOcto the Firebug (level 1, -1/13 HPs)
             Began as a Demonspawn Fire Elementalist on Apr 25, 2021.
             Frozen to death by an endoplasm (4 damage)
             ... on level 1 of the Dungeon.
             The game lasted 00:00:17 (62 turns).

EnegeticOcto the Firebug (DsFE)                       Turns: 62, Time: 00:00:18

Health: -1/13      AC:  2    Str:  8    XL:     1   Next: 41%
Magic:  0/3        EV: 12    Int: 16    God:
Gold:   0          SH:  0    Dex: 13    Spells: 3/4 levels left

rFire    . . .     SeeInvis .   (no weapon)
rCold    . . .     Faith    .   (no shield)
rNeg     . . .     Spirit   .   a - +0 robe
rPois    .         Reflect  .   (no helmet)
rElec    .         Harm     .   (no cloak)
rCorr    .         Rampage  .   (no gloves)
Will     .....                  (no boots)
Stlth    ++........             (no amulet)
HPRegen  0.04/turn              (no ring)
MPRegen  0.08/turn              (no ring)

@: no status effects
A: no striking features
a: no special abilities


You were on level 1 of the Dungeon.
You visited 1 branch of the dungeon, and saw 1 of its levels.

Inventory:

Armour
 a - a +0 robe (worn)
Potions
 b - a potion of cancellation {unknown}


   Skills:
 - Level 1.7 Dodging
 - Level 1.7 Stealth
 - Level 2.0 Spellcasting
 + Level 1.5 Conjurations
 - Level 2.6 Fire Magic


You had 3 spell levels left.
You knew the following spells:

 Your Spells              Type           Power      Damage    Failure   Level
b - Foxfire               Conj/Fire      32%        2x1d5     9%          1

Your spell library contained the following spells:

 Spells                   Type           Power      Damage    Failure   Level
 Conjure Flame            Conj/Fire      8%         6-21      26%         3
 Inner Flame              Hex/Fire       5%         N/A       34%         3
 Sticky Flame             Conj/Fire      8%         2d3       65%         4
 Fireball                 Conj/Fire      4%         3d4       94%         5


Dungeon Overview and Level Annotations

Branches:
Dungeon (1/15)

Altars:


Message History

Welcome, EnegeticOcto the Demonspawn Fire Elementalist.
Will you be the one to retrieve the awesome Orb of Zot from the depths?
Press ? for a list of commands and other information.
Found a staircase leading out of the dungeon.
Adjust (i)tems, (s)pells, or (a)bilities?
Adjust which spell? a - Foxfire Adjust to which letter? b - Foxfire You open the door.
There is an open door here.
Found a stone staircase leading down.
You open the door.
There is an open door here.
b - a pink potion A frilled lizard comes into view.
A frilled lizard is nearby!
A dart slug comes into view.
A frilled lizard comes into view.
The frilled lizard hisses angrily.
Casting: Foxfire (safe; 10% risk of failure)
Confirm with . or Enter, or press ? or * to list all spells.
You conjure some foxfire!
The frilled lizard falls through a shaft!
The shaft crumbles and collapses.
Casting: Foxfire (safe; 10% risk of failure)
Confirm with . or Enter, or press ? or * to list all spells.
You conjure some foxfire!
The foxfire hits the dart slug.
The dart slug is lightly wounded.
An endoplasm comes into view.
The foxfire hits the dart slug.
The dart slug is heavily wounded.
The foxfire hits the dart slug.
The dart slug is severely wounded.
The foxfire hits the frilled lizard.
You kill the frilled lizard!
Casting: Foxfire (safe; 10% risk of failure)
Confirm with . or Enter, or press ? or * to list all spells.
You conjure some foxfire!
The foxfire hits the dart slug.
The dart slug is almost dead.
The foxfire hits the dart slug.
You kill the dart slug!
Casting: Foxfire (safe; 9% risk of failure)
Confirm with . or Enter, or press ? or * to list all spells.
You don't have enough magic to cast this spell.
The endoplasm hits you. The endoplasm hits you.
Casting: Foxfire (safe; 9% risk of failure)
Confirm with . or Enter, or press ? or * to list all spells.
You conjure some foxfire!
The endoplasm misses you.
Your foxfire dissipates!
The foxfire hits the endoplasm.
The endoplasm is heavily wounded.
You barely miss the endoplasm.
The endoplasm is heavily wounded.
The endoplasm closely misses you.
You hit the endoplasm but do no damage.
The endoplasm is heavily wounded.
The endoplasm freezes you.
You are frozen.
You barely miss the endoplasm.
The endoplasm is heavily wounded.
The endoplasm closely misses you.
You hit the endoplasm but do no damage.
The endoplasm is heavily wounded.
The endoplasm barely misses you.
You hit the endoplasm but do no damage.
The endoplasm is heavily wounded.
The endoplasm barely misses you.
You hit the endoplasm.
The endoplasm is almost dead.
The endoplasm freezes you.
You are frozen.
You barely miss the endoplasm.
The endoplasm is almost dead.
The endoplasm freezes you.
You are frozen.
* * * LOW HITPOINT WARNING * * *
You hit the endoplasm but do no damage.
The endoplasm is almost dead.
The endoplasm freezes you.
You are frozen.
You die...

######## #......#
. #......# ...
#......#
.....#......#
.......@J...#
##..........#
#......†...#######
########+#........
#.#######
#.#.....###
#.#.....'.#
#.#<.8..#.#
#.#.....+.#


You could see an endoplasm.

Vanquished Creatures
  A dart slug (D:1)
  A frilled lizard (D:1)
2 creatures vanquished.

Vanquished Creatures (others)
  6 foxfires (D:1)
6 creatures vanquished.

Grand Total: 8 creatures vanquished

Notes
Turn   | Place    | Note
-------+----------+-------------------------------------------
     0 | D:1      | EnegeticOcto the Demonspawn Fire Elementalist began the
                  | quest for the Orb.
     0 | D:1      | Reached XP level 1. HP: 13/13 MP: 3/3
    62 | D:1      | Frozen to death by an endoplasm

Illustrated notes

Levels and vault maps discovered:
D:1:      minmay_arrival_solitary_statue, layout_basic,
          minmay_misc_feat_diagonals

Action                   || total
-------------------------++-------
Melee: Unarmed           ||     8
 Cast: Foxfire           ||     4
Dodge: Dodged            ||     5

Table legend: (Time is in decaauts)
 A = Elapsed time spent in this place.
 B = Non-inter-level travel time spent in this place.
 C = Inter-level travel time spent in this place.
 D = Time resting spent in this place.
 E = Time spent auto-exploring this place.
 F = Levels seen in this place.
 G = Mean time per level.
                   A        B        C        D        E       F      G
               +--------+--------+--------+--------+--------+-----+--------+
         Total |     62 |     62 |      0 |      0 |     35 |   1 |   62.0 |
       Dungeon |     62 |     62 |      0 |      0 |     35 |   1 |   62.0 |
               +--------+--------+--------+--------+--------+-----+--------+

Top non-repeatable levels by time:
     D:1: 62 daAuts
